 Dungeon Crawl Stone Soup version 0.31-a0-1101-g9ad1905e61 (webtiles) character file.

Game seed: 8631121330738432064

791 senseless the Tainted (level 7, -1/54 HPs)
             Began as a Demonspawn Gladiator on Dec 1, 2023.
             Was an Initiate of Yredelemnul.
             Slain by a boulder beetle (14 damage)
             ... on level 6 of the Dungeon.
             The game lasted 00:15:04 (5059 turns).

senseless the Tainted (Demonspawn Gladiator)        Turns: 5059, Time: 00:15:04

Health: -1/54      AC:  7    Str: 15    XL:     7   Next: 57%
Magic:  10/10      EV: 14    Int: 14    God:    Yredelemnul [......]
Gold:   45         SH:  0    Dex: 19    Spells: 6/6 levels left

rFire   . . .        b - +7 sling of Toighuoss {flame, Contam rCorr Dex+3}
rCold   . . .        (no shield)
rNeg    . . .        m - +0 leather armour
rPois   .            (helmet restricted)
rElec   .            (no cloak)
rCorr   +            F - +1 pair of gloves
SInv    .            (no boots)
Will    +....        (no amulet)
Stlth   +            s - ring of willpower
HPRegen 0.29/turn    H - +6 ring of intelligence
MPRegen 0.24/turn

%: no passive effects
@: no status effects
A: antennae 1, slimy green scales 1, demonic guardian 1, magic regeneration
a: Renounce Religion, Recall Undead Harvest


You were on level 6 of the Dungeon.
You worshipped Yredelemnul.
Yredelemnul was noncommittal.
You visited 2 branches of the dungeon, and saw 7 of its levels.

You collected 329 gold pieces.
You spent 284 gold pieces at shops.

Inventory:

Hand Weapons
 a - a +0 long sword
 b - the +7 sling of Toighuoss (weapon) {flame, Contam rCorr Dex+3}
   (You found it on level 2 of the Dungeon)

   Dex+3:     It affects your dexterity (+3).
   Contam:    It causes magical contamination when unequipped.
   rCorr:     It protects you from acid and corrosion.
 u - a +2 sling of flaming
 v - a +4 mace of protection
 A - a +1 short sword of venom
Missiles
 d - 3 throwing nets
 e - 5 javelins
 y - 6 boomerangs
 C - 2 atropa-tipped darts
Armour
 c - a +0 helmet
 m - a +0 leather armour (worn)
 w - a +1 helmet
 F - a +1 pair of gloves (worn)
Jewellery
 s - a ring of willpower (left hand)
 H - a +6 ring of intelligence (right hand)
 I - a ring of resist corrosion
Wands
 t - a wand of paralysis (6)
Scrolls
 i - a scroll of blinking
 l - 4 scrolls of teleportation
 x - 3 scrolls of immolation
Potions
 f - a potion of invisibility {unknown}
 g - a potion of enlightenment
 h - a potion of cancellation
 n - 2 potions of attraction
 o - a potion of magic
 r - a potion of brilliance {unknown}
 z - a potion of mutation {unknown}
 B - 2 potions of curing
 D - a potion of heal wounds {unknown}
 G - a potion of haste {unknown}
 K - a potion of lignification {unknown}


   Skills:
 + Level 4.2 Fighting
 + Level 4.4 Long Blades
 + Level 3.8 Throwing
 + Level 4.3 Dodging
 + Level 4.6 Invocations


You had 6 spell levels left.
You didn't know any spells.
Your spell library contained the following spells:

 Spells                   Type           Power      Damage    Failure   Level
 Sandblast                Erth           0%         2d4       34%         1
 Passwall                 Tmut/Erth      0%         N/A       47%         2
 Ignite Poison            Fire/Tmut/Pois 0%         N/A       71%         3
 Stone Arrow              Conj/Erth      0%         3d7       71%         3
 Tukima's Dance           Hex            0%         N/A       71%         3
 Brom's Barrelling Bould  Conj/Erth      0%         2d3       98%         4
 Passage of Golubria      Tloc           0%         N/A       98%         4
 Sticky Flame             Conj/Fire      0%         2d3       98%         4
 Yara's Violent Unravell  Hex/Tmut       0%         3d3       100%        5
 Ignition                 Fire           0%         3d3       100%        8


Dungeon Overview and Level Annotations

Branches:
Dungeon (6/15)             Temple (1/1) D:4

Altars:
Cheibriados
Dithmenos
Fedhas
Gozag
Makhleb
Nemelex Xobeh
Okawaru
Qazlal
Trog
Vehumet
Wu Jian
Xom
Yredelemnul

Shops:
D:5 *?[


Innate Abilities, Weirdness & Mutations

You have a pair of small antennae on your head.
You are partially covered in slimy green scales. (AC +2)
A weak demonic guardian rushes to your aid.
You regenerate magic rapidly.


Message History

The sling bullet hits the boulder beetle but does no damage.
The boulder beetle is lightly wounded.
The boulder beetle completely misses you.
You shoot a sling bullet.
The sling bullet hits the boulder beetle but does no damage.
The boulder beetle is lightly wounded.
The boulder beetle leaps!
You shoot a sling bullet.
The sling bullet hits the boulder beetle but does no damage.
The boulder beetle is lightly wounded.
You shoot a sling bullet.
The sling bullet hits the boulder beetle.
The sling bullet burns the boulder beetle.
The boulder beetle is moderately wounded.
The boulder beetle misses you.
You shoot a sling bullet.
The sling bullet hits the boulder beetle.
The sling bullet burns the boulder beetle.
The boulder beetle is moderately wounded.
The boulder beetle bites you!
You shoot a sling bullet.
The sling bullet hits the boulder beetle but does no damage.
The boulder beetle is moderately wounded.
The boulder beetle bites you!
You are too injured to fight recklessly!
You are too injured to fight recklessly!
You are too injured to fight recklessly!
You shoot a sling bullet.
The sling bullet hits the boulder beetle.
The sling bullet burns the boulder beetle.
The boulder beetle is moderately wounded.
The boulder beetle bites you!
* * * LOW HITPOINT WARNING * * *
The boulder beetle misses you.
You shoot a sling bullet.
The sling bullet hits the boulder beetle but does no damage.
The boulder beetle is moderately wounded.
The boulder beetle bites you!
You die...
Your body rises from the dead as a mindless zombie.

..≈.≈≈.≈.....≈##.#
...≈≈≈≈......≈##.#
....≈≈......≈≈##.###
....≈≈.....≈≈###...+ ..
....≈≈....≈≈####.###....
≈... ≈...≈≈##.......>...
.≈≈# ####.###.###
#........ #@......#
+.....B......#
######.......# ...(.....
####..### ..# ..# .#


You could see a boulder beetle.

Vanquished Creatures
  A black bear (D:2)
  A phantom (D:5)
  A scorpion (D:5)
  An electric eel (D:6)
  2 hounds
  2 jellies
  2 iguanas
  An orc wizard (D:5)
  Terence (D:3)
  Robin (D:3)
  8 adders
  A white imp (D:5)
  2 ufetubi (D:5)
  2 worms
  A dart slug (D:4)
  11 orcs
  7 endoplasms
  6 giant cockroaches
  13 goblins
  4 hobgoblins
  2 jackals (D:2)
  2 quokkas (D:3)
  2 ball pythons (D:1)
  A bat (D:3)
  A frilled lizard (D:2)
  7 kobolds
  3 rats
86 creatures vanquished.

Vanquished Creatures (collateral kills)
  A water moccasin (D:5)
  An adder (D:5)
  A jackal (D:2)
3 creatures vanquished.

Vanquished Creatures (others)
  7 orc zombies (D:5)
7 creatures vanquished.

Grand Total: 96 creatures vanquished

Notes
Turn   | Place    | Note
-------+----------+-------------------------------------------
     0 | D:1      | senseless the Demonspawn Gladiator began the quest for the
                  | Orb.
     0 | D:1      | Reached XP level 1. HP: 16/16 MP: 1/1
   291 | D:1      | Gained mutation: A weak demonic guardian rushes to your
                  | aid. [demonic ancestry]
   291 | D:1      | Reached XP level 2. HP: 22/22 MP: 2/2
   395 | D:1      | Reached skill level 1 in Invocations
   653 | D:2      | Gained mutation: You regenerate magic rapidly. [demonic
                  | ancestry]
   653 | D:2      | Reached XP level 3. HP: 28/28 MP: 2/4
   887 | D:2      | Reached XP level 4. HP: 18/34 MP: 5/5
  1178 | D:2      | Identified the +7 sling of Toighuoss {flame, Contam rCorr
                  | Dex+3}
  1404 | D:2      | Noticed a black bear
  1412 | D:2      | Killed a black bear
  1413 | D:2      | Gained mutation: You are partially covered in slimy green
                  | scales. (AC +2) [demonic ancestry]
  1413 | D:2      | Reached XP level 5. HP: 41/41 MP: 5/7
  1488 | D:3      | Noticed Robin
  1499 | D:3      | Killed Robin
  1746 | D:3      | Found a bloodstained altar of Trog.
  1826 | D:3      | Noticed Terence
  1830 | D:3      | Killed Terence
  3057 | D:4      | Gained mutation: You have a pair of small antennae on your
                  | head. [demonic ancestry]
  3057 | D:4      | Reached XP level 6. HP: 47/47 MP: 8/8
  3144 | D:4      | Found a sparkling altar of Nemelex Xobeh.
  3144 | D:4      | Found an ornate altar of the Wu Jian Council.
  3236 | D:4      | Found a staircase to the Ecumenical Temple.
  3248 | Temple   | Entered the Ecumenical Temple
  3260 | Temple   | Became a worshipper of Yredelemnul the Dark
  3468 | D:5      | Entered Level 5 of the Dungeon
  3546 | D:5      | Found Zavikil's Armour Emporium.
  3571 | D:5      | Bought a +1 pair of gloves for 149 gold pieces
  3601 | D:5      | Noticed a water moccasin
  3608 | D:5      | Killed a water moccasin
  3613 | D:5      | Reached * piety under Yredelemnul
  3801 | D:5      | Found Remn's Assorted Antiques.
  3907 | D:5      | Bought a scroll labelled GONEIGUPNE for 20 gold pieces
  3907 | D:5      | Bought a scroll labelled JEFIDU XAXOKAL for 20 gold pieces
  3907 | D:5      | Bought a scroll labelled MEQESYO CIF DUQAKK for 20 gold
                  | pieces
  3930 | D:5      | Reached XP level 7. HP: 53/53 MP: 8/10
  4296 | D:5      | Found Munaxeet's Magic Scroll Shop.
  4302 | D:5      | Bought a scroll of noise for 15 gold pieces
  4302 | D:5      | Bought a scroll of identify for 30 gold pieces
  4545 | D:5      | Bought a scroll of identify for 30 gold pieces
  4764 | D:5      | Found a burning altar of Makhleb.
  5047 | D:6      | Noticed a boulder beetle
  5059 | D:6      | Slain by a boulder beetle

Illustrated notes

Levels and vault maps discovered:
D:1:      lightli_arrival_statue_moat, layout_loops_cross
D:2:      layout_basic, minmay_misc_feat_ornament
D:3:      layout_basic, trog_book, serial_corexii_hall, corexii_hall_statues_t,
          corexii_hall_statues_x, kennysheep_minor_cross,
          chequers_serial_rivers_micro_d, uniq_terence, uniq_robin
D:4:      layout_basic, gammafunk_temple_overflow_pools,
          minmay_temple_entry_statues_fountains
D:5:      layout_loops_cross, kennysheep_mini, serial_shops,
          nicolae_shop_advertising_works [nicolae_subvault_shop_adworks],
          nicolae_diamond_shop, nicolae_shop_statue_plus
D:6:      layout_basic, mainiacjoe_overflow_brackets,
          mainiacjoe_overflow_six_doors_small, kennysheep_cross_room
Temple:   eino_wide_crystal_templ

Skill      XL: |  1  2  3  4  5  6  7 |
---------------+----------------------+-----
Throwing       | 2 3 |  3.8
Invocations    | 1 2 3 4 |  4.6
Long Blades    | 3 4 |  4.4
Dodging        | 3 4 |  4.3
Fighting       | 3 4 |  4.2

Action                     |  1- 3 |  4- 6 |  7- 9 || total
---------------------------+-------+-------+-------++-------
  Melee: Long sword        |    59 |     8 |       ||    67
   Fire: Sling             |    18 |   107 |    36 ||   161
  Evoke: Wand              |       |     4 |       ||     4
    Use: Potion            |       |     1 |       ||     1
         Scroll            |       |       |    12 ||    12
   Stab: Sleeping          |     1 |       |       ||     1
 Armour: Leather armour    |    33 |    37 |    18 ||    88
  Dodge: Dodged            |    37 |    14 |    13 ||    64

Table legend: (Time is in decaauts)
 A = Elapsed time spent in this place.
 B = Non-inter-level travel time spent in this place.
 C = Inter-level travel time spent in this place.
 D = Time resting spent in this place.
 E = Time spent auto-exploring this place.
 F = Levels seen in this place.
 G = Mean time per level.
                   A        B        C        D        E       F      G
               +--------+--------+--------+--------+--------+-----+--------+
         Total |   5135 |   4912 |    223 |    743 |   3557 |   7 |  733.6 |
       Dungeon |   5110 |   4909 |    201 |    743 |   3557 |   6 |  851.7 |
        Temple |     24 |      2 |     22 |      0 |      0 |   1 |   24.0 |
               +--------+--------+--------+--------+--------+-----+--------+

Top non-repeatable levels by time:
     D:3: 1500 daAuts
     D:5: 1461 daAuts
     D:2: 928 daAuts
     D:1: 580 daAuts
     D:4: 484 daAuts
     D:6: 154 daAuts
  Temple: 24 daAuts
